 Dungeon Crawl Stone Soup version 0.29-a0-100-g60f898f876 (webtiles) character file.

Game seed: 9012916845654630587

35 dracfodder the Conjurer (level 3, 0/26 HPs)
             Began as a Demigod Conjurer on Feb 14, 2022.
             Succumbed to an adder's poison
             ... on level 2 of the Dungeon.
             The game lasted 00:07:41 (1804 turns).

dracfodder the Conjurer (Demigod Conjurer)          Turns: 1804, Time: 00:07:42

Health: 0/26       AC:  2    Str:  8    XL:     3   Next: 4%
Magic:  7/8        EV: 12    Int: 24    God:
Gold:   99         SH:  0    Dex: 12    Spells: 3/5 levels left

rFire   . . .      SeeInvis .   j - +1 dagger (elec)
rCold   . . .      Faith    .   (no shield)
rNeg    . . .      Spirit   .   a - +0 robe
rPois   .          Reflect  .   (no helmet)
rElec   .          Harm     .   (no cloak)
rCorr   .          Rampage  .   (no gloves)
Will    .....                   (no boots)
Stlth   ++........              (no amulet)
HPRegen 0.08/turn               (no ring)
MPRegen 0.11/turn               (no ring)

@: lethally poisoned (0 -> -8)
A: high MP 1, forlorn, divine attributes
a: no special abilities


You were on level 2 of the Dungeon.
You visited 1 branch of the dungeon, and saw 2 of its levels.

You collected 99 gold pieces.

Inventory:

Hand Weapons
 j - a +1 dagger of electrocution (weapon)
Missiles
 b - 52 stones
 k - 16 arrows
 l - 28 bolts
Armour
 a - a +0 robe (worn)
Scrolls
 c - a scroll of vulnerability {unknown}
 g - 2 scrolls of magic mapping
Potions
 d - a potion of heal wounds {unknown}
 f - 2 potions of might
 h - 2 potions of lignification {unknown}
 i - a potion of curing {unknown}


   Skills:
 + Level 1.9 Dodging
 + Level 2.0 Stealth
 + Level 1.9 Spellcasting
 + Level 4.4 Conjurations


You had 3 spell levels left.
You knew the following spells:

 Your Spells              Type           Power      Damage    Failure   Level
a - Magic Dart            Conj           92%        1d7       1%          1
b - Foxfire               Conj/Fire      48%        2x1d6     4%          1

Your spell library contained the following spells:

 Spells                   Type           Power      Damage    Failure   Level
 Searing Ray              Conj           46%        2d6       3%          2
 Conjure Flame            Conj/Fire      12%        6-21      14%         3
 Dazzling Flash           Conj/Hex       24%        N/A       14%         3
 Inner Flame              Hex/Fire       2%         N/A       36%         3
 Flame Wave               Conj/Fire      12%        2d6       43%         4
 Fulminant Prism          Conj/Hex       6%         3d7       43%         4
 Iskenderun's Mystic Bla  Conj/Tloc      12%        2d5       43%         4


Dungeon Overview and Level Annotations

Branches:
Dungeon (2/15)

Annotations:
D:2 Terence


Innate Abilities, Weirdness & Mutations

You have an increased reservoir of magic. (+10% MP)
You shall have no god before yourself.
Your divine heritage dramatically boosts your attributes as you level up.


Message History

Press: ? - help, Q - select action, (/) - cycle Shift-Dir - straight line, f/p - adder
Aim: an adder (100% to hit)
The magic dart hits the adder.
The adder is lightly wounded.
The adder bites you but does no damage.
You hit the adder.
The adder is lightly wounded.
The adder bites you.
You are poisoned.
The adder poisons you!
You hit the adder.
The adder is moderately wounded.
You feel sick. The adder bites you but does no damage. The adder bites you.
You closely miss the adder.
The adder is moderately wounded.
You feel sick. The adder bites you.
You are more poisoned.
The adder poisons you!
You barely miss the adder.
The adder is moderately wounded.
You feel very sick. The adder misses you.
You hit the adder.
The adder is heavily wounded.
You feel sick. The adder bites you but does no damage.
The adder closely misses you.
You hit the adder.
The adder is heavily wounded.
You feel sick. The adder bites you.
* * * LOW HITPOINT WARNING * * *
You are lethally poisoned!
The adder poisons you!
You hit the adder.
The adder is severely wounded.
* * * LOW HITPOINT WARNING * * *
You feel sick. The adder bites you.
* * * LOW HITPOINT WARNING * * *
You closely miss the adder.
The adder is severely wounded.
You die...

*
**,*,,,,,,,,,,,,,**,*
*,,,,,, *
*,*****#.,,*******,*
*,,,,,, *****,* #§°,*
*,* *,,,,,, ,,,,,,*
*○§,* *,* *,,,,,,
*****,* *,○☼* ***,*
*,***** *
*,******,,.###
*,,,****,*****
*,**,,,,,,,..#
***,,,,,,,,,,,
*,**,******#S#
*,****,*****
********,* #@# *,*
*,* *,, ,,,,,,**,*
#.# *,* *,* ***
*****,**,* #.#
*,****,*
*,**,#######.#
*,,,,,,*
*****,**,#.......#
********
,,,,,,**,##.######
,,,,,,,,,*#.# *****
**********#.# *,,,,
###########.# *****


You could see an adder.

Vanquished Creatures
  2 dart slugs (D:1)
  An endoplasm (D:1)
  2 giant cockroaches (D:1)
  4 goblins
  5 hobgoblins
  3 quokkas (D:1)
  2 frilled lizards (D:1)
  4 kobolds (D:1)
  6 rats
29 creatures vanquished.

Vanquished Creatures (others)
  59 foxfires
59 creatures vanquished.

Grand Total: 88 creatures vanquished

Notes
Turn   | Place    | Note
-------+----------+-------------------------------------------
     0 | D:1      | dracfodder the Demigod Conjurer began the quest for the
                  | Orb.
     0 | D:1      | Reached XP level 1. HP: 14/14 MP: 5/5
     5 | D:1      | Learned a level 1 spell: Foxfire
   185 | D:2      | Noticed Terence
   340 | D:1      | Reached skill level 4 in Conjurations
   364 | D:1      | Reached XP level 2. HP: 20/20 MP: 4/7
  1235 | D:2      | Reached XP level 3. HP: 26/26 MP: 4/8
  1804 | D:2      | Succumbed to an adder's poison

Illustrated notes

Levels and vault maps discovered:
D:1:      wheals_arrival_shading, layout_rooms,
          hellmonk_ecumenical_altar_zigzags, hangedman_decor_clover_reticule
D:2:      layout_basic, lemuel_flame_loot_1, uniq_terence

Skill      XL: |  1  2 |
---------------+-------+-----
Conjurations   | 4 |  4.4
Stealth        | 2 |  2.0
Dodging        | |  1.9
Spellcasting   | |  1.9

Action                   || total
-------------------------++-------
Melee: Dagger            ||    13
       Unarmed           ||     1
 Cast: Magic Dart        ||    35
       Foxfire           ||    31
  Use: Scroll            ||     4
Armor: Robe              ||     5
Dodge: Dodged            ||    13

Table legend: (Time is in decaauts)
 A = Elapsed time spent in this place.
 B = Non-inter-level travel time spent in this place.
 C = Inter-level travel time spent in this place.
 D = Time resting spent in this place.
 E = Time spent auto-exploring this place.
 F = Levels seen in this place.
 G = Mean time per level.
                   A        B        C        D        E       F      G
               +--------+--------+--------+--------+--------+-----+--------+
         Total |   1805 |   1702 |    103 |    394 |    990 |   2 |  902.5 |
       Dungeon |   1805 |   1702 |    103 |    394 |    990 |   2 |  902.5 |
               +--------+--------+--------+--------+--------+-----+--------+

Top non-repeatable levels by time:
     D:1: 1462 daAuts
     D:2: 342 daAuts
